 Dungeon Crawl Stone Soup version 0.29-a0-653-gd47aff6735 (webtiles) character file.

Game seed: 8334256345774642734

1415 wingedge the Archer (level 8, -1/71 HPs)
             Began as a Minotaur Hunter on June 21, 2022.
             Was an Initiate of Hepliaklqana.
             Slain by a gnoll sergeant
             ... wielding a +0 spear of venom
              (7 damage)
             ... on level 7 of the Dungeon.
             The game lasted 00:27:04 (4256 turns).

wingedge the Archer (Minotaur Hunter)               Turns: 4256, Time: 00:27:05

Health: -1/71      AC: 11    Str: 15    XL:     8   Next: 43%
Magic:  7/7        EV:  9    Int:  6    God:    Hepliaklqana [......]
Gold:   301        SH:  0    Dex: 17    Spells: 7/7 levels left

rFire   . . .      SeeInvis .   a - +1 shortbow (flame)
rCold   . . .      Faith    .   (shield currently unavailable)
rNeg    + . .      Spirit   .   D - +0 plate armour
rPois   .          Reflect  .   (helmet restricted)
rElec   .          Harm     .   (no cloak)
rCorr   .          Rampage  .   (no gloves)
Will    .....                   (no boots)
Stlth   ..........              (no amulet)
HPRegen 0.21/turn               v - +4 ring of evasion
MPRegen 0.10/turn               A - ring of positive energy

@: no status effects
A: horns 2, retaliatory headbutt
a: Renounce Religion


You were on level 7 of the Dungeon.
You worshipped Hepliaklqana.
Hepliaklqana was noncommittal.
You visited 2 branches of the dungeon, and saw 8 of its levels.

You collected 301 gold pieces.

Inventory:

Hand Weapons
 a - a +1 shortbow of flaming (weapon)
 b - a +2 dagger of electrocution
 j - a +0 long sword
Missiles
 w - 14 poisoned darts
Armour
 m - the +2 ring mail of the Eagle {Int+6}
   (You found it on level 2 of the Dungeon)

   Int:       It affects your intelligence (+6).
 z - a +0 chain mail
 D - a +0 plate armour (worn)
 I - a +2 robe of resistance
Jewellery
 h - a ring of fire
 v - a +4 ring of evasion (left hand)
 A - a ring of positive energy (right hand)
 H - a ring of ice
Wands
 C - a wand of paralysis (3)
Scrolls
 c - 2 scrolls of immolation
 k - 2 scrolls of fear {unknown}
 q - a scroll of noise {unknown}
 r - a scroll of magic mapping {unknown}
 s - 3 scrolls of identify {unknown}
 u - a scroll of summoning {unknown}
 y - 3 scrolls of brand weapon
 B - 3 scrolls of acquirement {unknown}
 E - 2 scrolls of amnesia {unknown}
 F - 2 scrolls of teleportation {unknown}
 G - a scroll of vulnerability {unknown}
Potions
 d - 2 potions of lignification {unknown}
 e - a potion of attraction {unknown}
 f - 2 potions of mutation {unknown}
 g - a potion of ambrosia {unknown}
 i - 5 potions of curing
 l - 2 potions of flight {unknown}
 n - a potion of haste {unknown}
 p - a potion of cancellation {unknown}
 x - 3 potions of resistance {unknown}


   Skills:
 + Level 6.3 Fighting
 + Level 3.0 Short Blades
 - Level 0.1(2.0) Long Blades
 * Level 9.0 Bows
 + Level 4.0 Armour
 + Level 3.0 Dodging
 - Level 1.0 Stealth
 + Level 2.0 Evocations


You had 7 spell levels left.
You didn't know any spells.
Your spell library contained the following spells:

 Spells                   Type           Power      Damage    Failure   Level
 Apportation              Tloc           0%         N/A       100%        1
 Magic Dart               Conj           0%         1d3       100%        1
 Necrotize                Necr           0%         1d4       100%        1
 Sting                    Tmut/Pois      0%         1d3       100%        1
 Summon Small Mammal      Summ           0%         N/A       100%        1
 Poisonous Vapours        Pois/Air       0%         N/A       100%        2
 Searing Ray              Conj           0%         2d4       100%        2
 Call Canine Familiar     Summ           0%         N/A       100%        3
 Summon Guardian Golem    Hex/Summ       0%         N/A       100%        3
 Animate Dead             Necr           0%         N/A       100%        4
 Fulminant Prism          Conj/Hex       0%         3d6       100%        4
 Olgreb's Toxic Radiance  Pois           0%         N/A       100%        4
 Borgnjor's Vile Clutch   Necr/Erth      0%         N/A       100%        5
 Death Channel            Necr           0%         N/A       100%        6


Dungeon Overview and Level Annotations

Branches:
Dungeon (7/15)             Temple (1/1) D:5

Altars:
Ashenzari
Cheibriados
Dithmenos
Elyvilon
Gozag
Hepliaklqana
Kikubaaqudgha
Okawaru
Qazlal
Ru
Sif Muna
Trog
Uskayaw
Wu Jian
Xom
Zin
The Shining One

Shops:
D:1 *


Innate Abilities, Weirdness & Mutations

You have a pair of horns on your head.
You reflexively headbutt those who attack you in melee.


Message History

The gnoll sergeant hits you with a +0 spear of venom.
* * * LOW HITPOINT WARNING * * *
You are lethally poisoned!
You feel much better.
You feel very sick. The gnoll sergeant barely misses you.
The two-headed ogre barely misses you.
The two-headed ogre hits you with a +0 giant spiked club!
You don't have any such object.
Evoke which item? (* to show all) (? for menu, Esc to quit)
Okay, then.
As you read the scroll labelled DITIUW EGOZE, it crumbles to dust.
It is a scroll of brand weapon.
Your +1 shortbow is engulfed in flames!
a - a +1 shortbow of flaming (weapon)
You feel very sick. The gnoll sergeant closely misses you.
Shoot: a) +1 shortbow (flame)
Press: ? - help, Q - select action, (/) - cycle Shift-Dir - straight line, f - two-headed ogre, p - gnoll sergeant
Aim: a two-headed ogre, wielding a +0 great mace and a +0 giant spiked club (moderately wounded, blind, 80% to hit)
You shoot an arrow.
The arrow hits the two-headed ogre but does no damage.
The two-headed ogre is moderately wounded.
You feel very sick.
The gnoll sergeant hits you with a +0 spear of venom.
* * * LOW HITPOINT WARNING * * *
The two-headed ogre barely misses you. You furiously retaliate!
You headbutt the two-headed ogre! The two-headed ogre barely misses you.
The gnoll sergeant hits you but does no damage.
You feel much better.
You feel sick.
The two-headed ogre is no longer blind.
The two-headed ogre barely misses you.
The two-headed ogre hits you with a +0 giant spiked club!!
* * * LOW HITPOINT WARNING * * *
The gnoll sergeant hits you but does no damage.
You are lethally poisoned!
It was a potion of curing.
You feel better. The two-headed ogre closely misses you.
The two-headed ogre hits you with a +0 giant spiked club!
* * * LOW HITPOINT WARNING * * *
The gnoll sergeant hits you with a +0 spear of venom!
You die...

.. #.#
#.# #
#.# .#
#.##..
#...
######.#
#.O@gY)#
#.####.#
... #.#
..###
#.# ...
#Y# ##
#.# #.#
#.# ..#


You could see a two-headed ogre, an ice beast and a gnoll sergeant (blind).

Vanquished Creatures
  Grinder (D:3)
  A black bear (D:5)
  An ogre (D:6)
  A phantom (D:4)
  Blork the orc (D:5)
  2 necrophages (D:5)
  A bullfrog (D:6)
  A scorpion (D:3)
  5 hounds
  2 jellies
  Ijyb (D:5)
  3 iguanas
  An orc wizard (D:6)
  12 adders
  7 gnolls
  A shadow imp (D:6)
  A white imp (D:6)
  4 ufetubi
  4 dart slugs
  12 orcs
  10 bats
  5 endoplasms
  7 giant cockroaches
  3 goblins
  10 hobgoblins
  4 jackals (D:1)
  4 quokkas
  4 ball pythons
  3 frilled lizards
  7 kobolds
  3 rats
122 creatures vanquished.

Notes
Turn   | Place    | Note
-------+----------+-------------------------------------------
     0 | D:1      | wingedge the Minotaur Hunter began the quest for the Orb.
     0 | D:1      | Reached XP level 1. HP: 18/18 MP: 0/0
    31 | D:1      | Reached skill level 1 in Stealth
    53 | D:1      | Reached XP level 2. HP: 25/25 MP: 1/1
    76 | D:1      | Reached skill level 1 in Armour
   164 | D:1      | Found Plog's General Store.
   396 | D:1      | Reached XP level 3. HP: 30/30 MP: 2/2
   402 | D:1      | Reached skill level 5 in Bows
   770 | D:2      | Reached XP level 4. HP: 36/38 MP: 3/3
   797 | D:2      | Identified the +2 ring mail of the Eagle {Int+6}
  1326 | D:3      | Found a broken altar of Ashenzari.
  1460 | D:3      | Noticed Grinder
  1475 | D:3      | Paralysed by Grinder for 2 turns
  1483 | D:3      | Killed Grinder
  1484 | D:3      | Reached skill level 6 in Bows
  1484 | D:3      | Reached XP level 5. HP: 26/46 MP: 4/4
  1484 | D:3      | Reached XP level 6. HP: 29/52 MP: 5/5
  1620 | D:3      | Reached skill level 1 in Short Blades
  1793 | D:3      | You fall into a shaft and drop 2 floors!
  1793 | D:5      | Entered Level 5 of the Dungeon
  1837 | D:5      | Reached skill level 7 in Bows
  1837 | D:5      | Reached XP level 7. HP: 60/60 MP: 6/6
  2604 | D:5      | Reached skill level 5 in Fighting
  2649 | D:5      | Reached skill level 1 in Evocations
  2709 | D:5      | Found a staircase to the Ecumenical Temple.
  2710 | D:5      | Noticed Ijyb
  2725 | D:5      | Killed Ijyb
  2908 | Temple   | Entered the Ecumenical Temple
  3030 | Temple   | Became a worshipper of Hepliaklqana the Forgotten
  3182 | D:5      | Reached skill level 8 in Bows
  3309 | D:5      | Reached XP level 8. HP: 69/69 MP: 7/7
  3368 | D:5      | Noticed Blork the orc
  3373 | D:5      | Killed Blork the orc
  4106 | D:6      | Reached skill level 9 in Bows
  4243 | D:7      | Noticed a two-headed ogre
  4249 | D:7      | HP: 1/71 [two-headed ogre/+0 great mace (4)]
  4256 | D:7      | Slain by a gnoll sergeant

Illustrated notes

Levels and vault maps discovered:
D:1:      dpeg_arrival_shrine, layout_basic, serial_shops, nicolae_square_shop
D:2:      layout_rooms, serial_glass, glass_columns_a, glass_columns_b,
          glass_columns_c, glass_columns_c, glass_columns_c, glass_columns_a,
          glass_columns_a, glass_columns_b, glass_columns_b, glass_columns_b,
          glass_columns_b, glass_columns_b, glass_columns_a, glass_columns_a,
          minmay_domino_4
D:3:      layout_basic, mainiacjoe_overflow_small_starburst, uniq_grinder
D:4:      layout_rooms
D:5:      layout_basic, minmay_temple_entry_ruins, uniq_blork_the_orc, uniq_ijyb
D:6:      layout_layer_cave
D:7:      minmay_the_grid_octo_triangle [minmay_the_grid_octo_focus,
          minmay_the_grid_octo_prize_square_snowflake,
          minmay_the_grid_octo_chip], layout_loops_ring,
          chequers_ossuary_entry_cave, minmay_misc_feat_rows
Temple:   compressed_dpeg_circular_temple

Skill      XL: |  1  2  3  4  5  6  7  8 |
---------------+-------------------------+-----
Stealth        | 1 |  1.0
Armour         | 1 3 4 |  4.0
Bows           | 5 6 7 8 9 |  9.0
Fighting       | 3 4 5 6 |  6.3
Dodging        | 3 |  3.0
Short Blades   | 1 2 3 |  3.0
Evocations     | 1 2 |  2.0
Long Blades    | |  0.1

Action                   |  1- 3 |  4- 6 |  7- 9 || total
-------------------------+-------+-------+-------++-------
Melee: Dagger            |     8 |    29 |    90 ||   127
       Long sword        |     3 |       |       ||     3
       Headbutt          |     1 |     5 |    15 ||    21
       Punch             |       |       |     1 ||     1
 Fire: Shortbow          |    92 |    51 |    77 ||   220
Evoke: Wand              |       |     3 |     7 ||    10
  Use: Potion            |       |     2 |     4 ||     6
       Scroll            |       |       |     1 ||     1
 Stab: Invisible         |       |     1 |       ||     1
Armor: Leather armour    |    12 |       |       ||    12
       Ring mail         |    14 |     7 |     2 ||    23
       Plate armour      |       |       |    39 ||    39
Dodge: Dodged            |    35 |    19 |    61 ||   115

Table legend: (Time is in decaauts)
 A = Elapsed time spent in this place.
 B = Non-inter-level travel time spent in this place.
 C = Inter-level travel time spent in this place.
 D = Time resting spent in this place.
 E = Time spent auto-exploring this place.
 F = Levels seen in this place.
 G = Mean time per level.
                   A        B        C        D        E       F      G
               +--------+--------+--------+--------+--------+-----+--------+
         Total |   4298 |   4181 |    117 |    308 |   2501 |   8 |  537.2 |
       Dungeon |   4145 |   4049 |     96 |    308 |   2501 |   7 |  592.1 |
        Temple |    152 |    131 |     21 |      0 |      0 |   1 |  152.0 |
               +--------+--------+--------+--------+--------+-----+--------+

Top non-repeatable levels by time:
     D:5: 925 daAuts
     D:6: 732 daAuts
     D:3: 685 daAuts
     D:1: 677 daAuts
     D:2: 663 daAuts
     D:4: 438 daAuts
  Temple: 152 daAuts
     D:7: 22 daAuts
